 Dungeon Crawl Stone Soup version 0.31-a0-1616-gbeaec30b81 (webtiles) character file.

Game seed: 6005845876383580294

5269 horus123 the Frost Mage (level 10, -4/79 HPs)
             Began as a Human Wanderer on Jan 11, 2024.
             Was a Believer of Qazlal.
             Slain by a yak (10 damage)
             ... on level 8 of the Dungeon.
             The game lasted 00:31:51 (9661 turns).

horus123 the Frost Mage (Human Wanderer)            Turns: 9661, Time: 00:31:52

Health: -4/79      AC: 16    Str: 15    XL:     10   Next: 62%
Magic:  2/19       EV: 26    Int: 22    God:    Qazlal [**....]
Gold:   450        SH:  3    Dex: 11    Spells: 5/21 levels left

rFire   . . .        w - +4 quarterstaff (chaos)
rCold   . . .        (shield currently unavailable)
rNeg    . . .        C - +0 steam dragon scales
rPois   .            (no helmet)
rElec   .            x - +1 cloak
rCorr   .            (no gloves)
SInv    .            u - +0 pair of boots
Will    +....        L - amulet of the acrobat
Stlth   +            h - ring of willpower
HPRegen 0.33/turn    o - +6 ring of intelligence
MPRegen 0.16/turn

%: acrobat
@: ice-armoured, acrobatic, freezing walls
A: explore regen
a: Renounce Religion, Upheaval


You were on level 8 of the Dungeon.
You worshipped Qazlal.
Qazlal was pleased with you.
You visited 1 branch of the dungeon, and saw 8 of its levels.

You collected 450 gold pieces.

Inventory:

Hand Weapons
 a - a +1 short sword
 m - a +1 falchion of distortion
 w - a +4 quarterstaff of chaos (weapon)
 y - a +3 long sword
 A - a +2 falchion of holy wrath
Armour
 c - a +0 leather armour
 u - a +0 pair of boots (worn)
 x - a +1 cloak (worn)
 C - +0 steam dragon scales (worn)
Jewellery
 e - a ring of flight
 h - a ring of willpower (left hand)
 j - a ring of magical power
 o - a +6 ring of intelligence (right hand)
 F - a +5 ring of evasion
 L - an amulet of the acrobat (around neck)
Wands
 z - a wand of roots (1)
 G - a wand of flame (27)
 I - a wand of digging (10)
Scrolls
 d - 3 scrolls of teleportation
 g - 3 scrolls of fog
 i - a scroll of poison
 p - a scroll of silence
 r - 2 scrolls of revelation
 s - a scroll of noise
 t - a scroll of immolation
Potions
 b - 2 potions of curing
 k - 2 potions of might
 l - a potion of mutation {unknown}
 n - a potion of invisibility {unknown}
 q - 3 potions of lignification {unknown}
 v - a potion of magic {unknown}
 B - a potion of brilliance {unknown}
 H - a potion of berserk rage {unknown}
 J - a potion of cancellation {unknown}
 K - a potion of resistance {unknown}


   Skills:
 - Level 7.1 Fighting
 - Level 1.0(2.9) Short Blades
 - Level 4.3(4.4) Long Blades
 + Level 5.0 Staves
 - Level 1.0 Stealth
 - Level 6.0 Spellcasting
 - Level 5.0 Conjurations
 - Level 6.0 Translocations
 - Level 8.0 Ice Magic


You had 5 spell levels left.
You knew the following spells:

 Your Spells              Type           Power      Damage    Failure   Level
a - Freeze                Ice            100%       1d10      1%          1
b - Ozocubu's Armour      Ice            41%        N/A       1%          3
c - Ensorcelled Hibernat  Hex/Ice        48%        N/A       2%          2
d - Frozen Ramparts       Ice            82%        1d13      1%          3
e - Hailstorm             Conj/Ice       35%        3d8       1%          3
f - Iskenderun's Mystic   Conj/Tloc      30%        2d8       10%         4

Your spell library contained the following spells:

 Spells                   Type           Power      Damage    Failure   Level
 Shock                    Conj/Air       68%        1d7       3%          1
 Volatile Blastmotes      Fire/Tloc      38%        2d13      8%          3
 Slow                     Hex            24%        N/A       9%          1
 Dazzling Flash           Conj/Hex       34%        N/A       10%         3
 Mephitic Cloud           Conj/Alch/Air  13%        N/A       14%         3
 Confusing Touch          Hex            6%         N/A       26%         3
 Sigil of Binding         Hex            6%         N/A       26%         3
 Swiftness                Air            6%         N/A       26%         3
 Tukima's Dance           Hex            6%         N/A       26%         3
 Vampiric Draining        Necr           6%         2d6       26%         3
 Dimensional Bullseye     Hex/Tloc       9%         N/A       26%         4
 Summon Forest            Summ/Tloc      9%         N/A       58%         5
 Airstrike                Air            3%         2d(1-17)  65%         4
 Curse of Agony           Necr           6%         N/A       94%         5
 Silence                  Hex/Air        3%         N/A       94%         5
 Starburst                Conj/Fire      8%         6d4       99%         6
 Eringya's Noxious Bog    Alch           3%         4d6       100%        6
 Summon Hydra             Summ           3%         N/A       100%        7
 Maxwell's Capacitive Co  Air            3%         ∞         100%        8


Dungeon Overview and Level Annotations

Branches:
Dungeon (8/15)             Temple (0/1) D:6
   Lair: D:8-11

Altars:
Ashenzari
Elyvilon
Gozag
Hepliaklqana
Kikubaaqudgha
Makhleb
Okawaru
Qazlal
Ru
Trog
Vehumet
Yredelemnul
Zin

Shops:
D:2 [   D:4 (   D:5 =

Annotations:
D:7 1 runed translucent door


Innate Abilities, Weirdness & Mutations

You regain HP and MP as you explore.


Message History

Okay, then.
Casting: Ozocubu's Armour (safe; 1% risk of failure)
Confirm with . or Enter, or press ? or * to list all spells.
You erupt in a blast of force!
The mystic blast hits the yak.
The yak is heavily wounded.
The yak is knocked back by the mystic blast.
The yak slams into the rock wall!
The mystic blast hits the yak!
The yak is moderately wounded.
The wall freezes the yak.
The yak barely misses you.
Casting: Iskenderun's Mystic Blast (dangerous; 10% risk of failure)
Confirm with . or Enter, or press ? or * to list all spells.
You erupt in a blast of force!
The mystic blast hits the yak!
The yak is severely wounded.
The yak is knocked back by the mystic blast.
The yak slams into the rock wall!
The yak is severely wounded.
The mystic blast hits the yak!
The yak is severely wounded.
The wall freezes the yak but does no damage.
The yak misses you.
Casting: Iskenderun's Mystic Blast (dangerous; 10% risk of failure)
Confirm with . or Enter, or press ? or * to list all spells.
You erupt in a blast of force!
The mystic blast hits the yak!
The yak is almost dead.
The mystic blast hits the yak.
The yak is almost dead.
The yak is knocked back by the mystic blast.
The wall freezes the yak.
You kill the yak!
Qazlal accepts your kill.
Your Staves skill increases to level 5!
Unknown command.
A yak is nearby!
Casting: Iskenderun's Mystic Blast (dangerous; 10% risk of failure)
Confirm with . or Enter, or press ? or * to list all spells.
You don't have enough magic to cast this spell.
Unknown command.
The wall freezes the yak but does no damage.
The wall freezes the yak.
The yak gores you!
You die...

#####.##. ### #.....##.
... #.###.##. ..
#.......# ####### ..
#.......# #.....#
#.#######........ #.....#
.......<.........
#.....###Y#######......##
#.....#.@†##...........#
##....#.#.##.###########
#....#.####.# #......#
#.# #### #......# #.#
##... #.[....# #.###
#.... ##.....# #...#
#.... #..>..#
#.#.######.... #.....#
#)..#.......##


You could see a yak.

Vanquished Creatures
  Sigmund (D:2)
  The ghost of Aneyh the Poker, an amateur TeMo (D:3)
  A wyvern (D:5)
  3 yaks (D:8)
  Eustachio (D:5)
  A steam dragon (D:7)
  2 water moccasins (D:7)
  A black bear (D:5)
  2 sky beasts
  2 orc warriors
  3 ice beasts
  2 ogres
  A centaur (D:8)
  A bullfrog (D:6)
  2 gnoll sergeants
  12 scorpions
  5 wights (D:8)
  6 killer bees (D:7)
  A howler monkey (D:7)
  A bombardier beetle (D:5)
  3 hounds
  A gnoll bouda (D:8)
  3 jellies
  Crazy Yiuf (D:3)
  6 orc priests
  Jessica (D:2)
  Terence (D:3)
  3 sleepcaps
  4 iguanas
  12 orc wizards
  17 gnolls
  12 adders
  2 white imps
  4 ufetubi (D:6)
  A ribbon worm (D:4)
  3 dart slugs
  29 orcs
  6 ball pythons
  11 endoplasms
  12 giant cockroaches
  11 goblins
  9 hobgoblins
  6 quokkas
  7 bats
  6 frilled lizards
  7 kobolds
  7 rats
  2 butterflies (D:7)
236 creatures vanquished.

Notes
Turn   | Place    | Note
-------+----------+-------------------------------------------
     0 | D:1      | horus123 the Human Wanderer began the quest for the Orb.
     0 | D:1      | horus123 set off with the following items: a +1 short
                  | sword, a potion of curing, a +0 leather armour; and the
                  | following spell memorised: Freeze; and the following spells
                  | available to memorise: Ozocubu's Armour, Ensorcelled
                  | Hibernation.
     0 | D:1      | Reached XP level 1. HP: 16/16 MP: 2/2
   106 | D:1      | Reached XP level 2. HP: 22/22 MP: 0/4
   480 | D:1      | Reached XP level 3. HP: 27/27 MP: 3/6
   539 | D:1      | Learned a level 3 spell: Ozocubu's Armour
   549 | D:1      | Learned a level 2 spell: Ensorcelled Hibernation
  1156 | D:2      | Noticed Sigmund
  1450 | D:2      | Killed Sigmund
  1451 | D:2      | Reached skill level 6 in Ice Magic
  1451 | D:2      | Reached XP level 4. HP: 18/33 MP: 2/8
  1451 | D:2      | Reached XP level 5. HP: 21/38 MP: 2/9
  1451 | D:2      | Reached XP level 6. HP: 24/44 MP: 2/10
  1573 | D:2      | Reached skill level 7 in Ice Magic
  1578 | D:2      | Learned a level 3 spell: Frozen Ramparts
  2089 | D:2      | Noticed Jessica
  2092 | D:2      | Killed Jessica
  2121 | D:2      | Found Dolukh's Antique Armour Emporium.
  2343 | D:3      | Noticed Terence
  2351 | D:3      | Killed Terence
  2417 | D:3      | Found a basalt altar of Yredelemnul.
  2440 | D:3      | Found a broken altar of Ashenzari.
  2472 | D:3      | Noticed Aneyh's ghost (amateur TeMo)
  2475 | D:3      | Found a runed translucent door.
  2673 | D:3      | Reached skill level 8 in Ice Magic
  2800 | D:3      | Reached XP level 7. HP: 35/50 MP: 11/11
  3146 | D:3      | Found a runed translucent door.
  3147 | D:3      | Noticed Crazy Yiuf
  3492 | D:3      | Killed Crazy Yiuf
  3663 | D:3      | Killed Aneyh's ghost
  3875 | D:4      | Reached skill level 5 in Spellcasting
  3928 | D:4      | Learned a level 3 spell: Hailstorm
  3933 | D:4      | Learned a level 4 spell: Iskenderun's Mystic Blast
  4352 | D:4      | Found Huhoenick's Weapon Boutique.
  4381 | D:4      | Reached XP level 8. HP: 56/56 MP: 1/16
  4489 | D:4      | Found a bloodstained altar of Trog.
  4505 | D:4      | Reached skill level 1 in Conjurations
  4878 | D:5      | Entered Level 5 of the Dungeon
  5119 | D:5      | Reached skill level 5 in Conjurations
  5145 | D:5      | Noticed a wyvern
  5150 | D:5      | Killed a wyvern
  5237 | D:5      | Found a white marble altar of Elyvilon.
  5238 | D:5      | Noticed Eustachio
  5251 | D:5      | Reached XP level 9. HP: 59/61 MP: 9/18
  5317 | D:5      | Found a stormy altar of Qazlal.
  5327 | D:5      | Became a worshipper of Qazlal Stormbringer
  5628 | D:5      | Found Vabluhymp's Jewellery Shop.
  5651 | D:5      | Killed Eustachio
  5652 | D:5      | Reached skill level 5 in Translocations
  5863 | D:6      | Found a burning altar of Makhleb.
  6021 | D:6      | Found an opulent altar of Gozag.
  6320 | D:6      | Found a staircase to the Ecumenical Temple.
  6667 | D:6      | Reached * piety under Qazlal
  6808 | D:6      | You fall into a shaft and drop 1 floor!
  6820 | D:7      | Reached skill level 5 in Fighting
  7097 | D:7      | Found a sacrificial altar of Ru.
  7155 | D:7      | Reached XP level 10. HP: 71/79 MP: 13/19
  7205 | D:7      | Reached skill level 1 in Long Blades
  7494 | D:7      | Found a runed translucent door.
  7497 | D:7      | Found a runed translucent door.
  7729 | D:7      | Reached ** piety under Qazlal
  7981 | D:6      | Found an iron altar of Okawaru.
  8308 | D:7      | Found a hazy altar of Hepliaklqana.
  8447 | D:8      | Reached skill level 1 in Staves
  8745 | D:8      | Found a faded altar of an unknown god.
  8745 | D:8      | Found a glowing silver altar of Zin.
  8773 | D:8      | Found an ancient bone altar of Kikubaaqudgha.
  8775 | D:8      | Found a faded altar of an unknown god.
  8777 | D:8      | Found a radiant altar of Vehumet.
  9660 | D:8      | Reached skill level 5 in Staves
  9661 | D:8      | Slain by a yak

Illustrated notes

Levels and vault maps discovered:
D:1:      mainiacjoe_arrival_oval_in_oval, layout_loops_ring
D:2:      layout_basic, serial_shops, nicolae_shop_peninsula,
          minmay_gold_behind_fungi, kennysheep_crisscross, uniq_jessica,
          uniq_sigmund
D:3:      layout_loops_ring, nicolae_ashenzari_skybound, lemuel_round_altar,
          hellmonk_ghost_happy_afterlife, uniq_crazy_yiuf_cottage, uniq_terence
D:4:      layout_gridville, mainiacjoe_overflow_catwalk, serial_shops,
          nicolae_shop_just_a_little_nook
D:5:      layout_rooms, nicolae_elyvilon_peaceful_grove, grunt_qazlal_sundering,
          serial_shops, nicolae_shop_peninsula, uniq_eustachio
D:6:      layout_basic, mainiacjoe_overflow_catwalk_spiral,
          mainiacjoe_overflow_alcove_2, temple_pool_b
D:7:      lemuel_insect_pit, layout_cave_pools,
          worldfamousw_hep_ancestral_shrine,
          nicolae_ru_great_annihilating_truth, lightli_bailey_entry_fortress,
          kennysheep_decorative_pillar, minmay_bent
D:8:      layout_basic, xom_teletrap_fun, chequers_temple_overflow_minitemple

Skill      XL: |  1  2  3  4  5  6  7  8  9 10 |
---------------+-------------------------------+-----
Spellcasting   | 2 3 5 6 |  6.0
Ice Magic      | 6 8 |  8.0
Conjurations   | 5 |  5.0
Translocations | 3 6 |  6.0
Fighting       | 7 |  7.1
Long Blades    | 4 |  4.3
Staves         | 5 |  5.0
Short Blades   | |  1.0
Stealth        | |  1.0

Action                     |  1- 3 |  4- 6 |  7- 9 | 10-12 || total
---------------------------+-------+-------+-------+-------++-------
  Melee: Short sword       |    12 |       |       |       ||    12
         Falchion          |       |    17 |    34 |     4 ||    55
         Punch             |       |       |     2 |     1 ||     3
         Quarterstaff      |       |       |       |    36 ||    36
   Cast: Freeze            |    63 |    50 |   148 |    66 ||   327
         Ozocubu's Armour  |     1 |       |    15 |     7 ||    23
         Frozen Ramparts   |       |     4 |    24 |    17 ||    45
         Hailstorm         |       |       |     9 |     8 ||    17
         Iskenderun's Myst |       |       |     3 |     6 ||     9
         Ensorcelled Hiber |       |       |       |     3 ||     3
    Use: Scroll            |       |       |     9 |     5 ||    14
   Stab: Sleeping          |     1 |       |     1 |       ||     2
 Armour: Leather armour    |    36 |    37 |   156 |       ||   229
         Steam dragon scal |       |       |    12 |   100 ||   112
  Dodge: Dodged            |    43 |    26 |   167 |    57 ||   293
  Block: Other             |       |       |       |    11 ||    11

Table legend: (Time is in decaauts)
 A = Elapsed time spent in this place.
 B = Non-inter-level travel time spent in this place.
 C = Inter-level travel time spent in this place.
 D = Time resting spent in this place.
 E = Time spent auto-exploring this place.
 F = Levels seen in this place.
 G = Mean time per level.
                   A        B        C        D        E       F      G
               +--------+--------+--------+--------+--------+-----+--------+
         Total |   9685 |   9451 |    234 |    694 |   7006 |   8 | 1210.6 |
       Dungeon |   9685 |   9451 |    234 |    694 |   7006 |   8 | 1210.6 |
               +--------+--------+--------+--------+--------+-----+--------+

Top non-repeatable levels by time:
     D:3: 1391 daAuts
     D:6: 1318 daAuts
     D:7: 1253 daAuts
     D:8: 1251 daAuts
     D:1: 1211 daAuts
     D:2: 1167 daAuts
     D:4: 1114 daAuts
     D:5: 977 daAuts
